 Dungeon Crawl Stone Soup version 0.30.0 (webtiles) character file.

Game seed: 6132481997872885047

12 zlionsfan the Ducker (level 2, -1/12 HPs)
             Began as a Felid Fire Elementalist on May 6, 2023.
             Was an Initiate of Yredelemnul.
             Slain by Natasha (5 damage)
             ... on level 2 of the Dungeon.
             The game lasted 00:02:29 (987 turns).

zlionsfan the Ducker (Felid Fire Elementalist)       Turns: 987, Time: 00:02:29

Health: -1/12      AC:  5    Str:  4    XL:     2   Next: 20%
Magic:  0/6        EV: 17    Int: 16    God:    Yredelemnul [......]
Gold:   36         SH:  0    Dex: 16    Spells: 4/5 levels left
                                        Lives:  0   Deaths: 0

rFire   . . .        (weapon unavailable)
rCold   . . .        (shield unavailable)
rNeg    . . .        (body armour unavailable)
rPois   .            (helmet unavailable)
rElec   .            (cloak unavailable)
rCorr   .            (gloves unavailable)
SInv    +            (boots unavailable)
Will    .....        (no amulet)
Stlth   ++           b - +4 ring of protection
HPRegen 0.22/turn    (no ring)
MPRegen 0.10/turn

%: no passive effects
@: slowed, slow
A: very small, claws 1, fangs 3, see invisible, speed 1, shaggy fur 1, stealthy
paws, no weapons or thrown items, no armour, multi-lived
a: Renounce Religion, Recall Undead Harvest


You were on level 2 of the Dungeon.
You worshipped Yredelemnul.
Yredelemnul was noncommittal.
You visited 1 branch of the dungeon, and saw 2 of its levels.

You collected 36 gold pieces.

Inventory:

Jewellery
 b - a +4 ring of protection (left paw)
Scrolls
 e - a scroll of fog {unknown}
 f - a scroll of vulnerability {unknown}
 g - a scroll of teleportation {unknown}
Potions
 a - a potion of magic
 c - 2 potions of mutation {unknown}
 d - a potion of cancellation {unknown}


   Skills:
 * Level 0.8 Fighting
 + Level 2.8 Dodging
 + Level 2.6 Stealth
 * Level 0.4 Unarmed Combat
 * Level 2.1 Spellcasting
 + Level 1.0 Conjurations
 * Level 2.8 Fire Magic


You had 4 spell levels left.
You knew the following spells:

 Your Spells              Type           Power      Damage    Failure   Level
a - Foxfire               Conj/Fire      28%        2x1d5     10%         1

Your spell library contained the following spells:

 Spells                   Type           Power      Damage    Failure   Level
 Scorch                   Fire           20%        2d5       10%         2
 Inner Flame              Hex/Fire       6%         N/A       34%         3
 Volatile Blastmotes      Fire/Tloc      12%        2d11      34%         3
 Flame Wave               Conj/Fire      7%         2d5       67%         4


Dungeon Overview and Level Annotations

Branches:
Dungeon (2/15)

Altars:
Yredelemnul

Annotations:
D:2 Natasha


Innate Abilities, Weirdness & Mutations

You have sharp claws.
You have razor-sharp teeth.
You have supernaturally acute eyesight. (SInv)
You cover ground quickly. (Speed+)
You are covered in fur. (AC +1)
Your paws help you pounce on unaware monsters.
You are incapable of wielding weapons or throwing items.
You cannot wear armour.
You gain extra lives every three experience levels.


Message History

You feel yourself slow down.
Casting: Foxfire (safe; 10% risk of failure)
Confirm with . or Enter, or press ? or * to list all spells.
You conjure some foxfire!
The dart slug launches a dart at you. The slug dart misses you.
Natasha stares at you and mumbles some strange words.
The magic dart hits you.
The foxfire hits the dart slug.
The dart slug is almost dead.
The foxfire hits the dart slug.
You kill the dart slug!
Natasha wildly gestures.
Natasha shimmers violently.
Your magical contamination has completely faded away.
Casting: Foxfire (safe; 10% risk of failure)
Confirm with . or Enter, or press ? or * to list all spells.
You conjure some foxfire!
Natasha howls an incantation.
Natasha shimmers violently.
Natasha attacks as you move away! Natasha claws you but does no damage.
The foxfire hits Natasha.
Natasha is lightly wounded.
The foxfire hits Natasha.
Natasha is moderately wounded.
Casting: Foxfire (safe; 10% risk of failure)
Confirm with . or Enter, or press ? or * to list all spells.
You conjure some foxfire!
Natasha closely misses you. Natasha claws you.
You closely miss Natasha.
Natasha is moderately wounded.
The foxfire hits Natasha.
Natasha is heavily wounded.
The foxfire hits Natasha.
Natasha is severely wounded.
Natasha misses you.
Casting: Foxfire (safe; 10% risk of failure)
Confirm with . or Enter, or press ? or * to list all spells.
You conjure some foxfire!
Natasha claws you. x2
You die...
Your body rises from the dead as a mindless zombie.

...... ###.##
....... #..##
...
..####..####
>.
.....#......#
.
..##........#
#.....#.....#
..##........#
..)....hv...#
.#####.@v.<.#
##ยง....#
...........#
#..........#
##.........#
#.........#
#.........#
###########


You could see Natasha (ally target).

Vanquished Creatures
  A dart slug (D:2)
  2 ball pythons (D:1)
  An endoplasm (D:1)
  2 goblins (D:1)
  A bat (D:1)
  2 frilled lizards (D:1)
  A kobold (D:1)
  A rat (D:1)
11 creatures vanquished.

Vanquished Creatures (others)
  23 foxfires
  6 plants (D:1)
  6 withered plants (D:1)
35 creatures vanquished.

Grand Total: 46 creatures vanquished

Notes
Turn   | Place    | Note
-------+----------+-------------------------------------------
     0 | D:1      | zlionsfan the Felid Fire Elementalist began the quest for
                  | the Orb.
     0 | D:1      | Reached XP level 1. HP: 7/7 MP: 4/4
    17 | D:1      | Reached skill level 1 in Conjurations
   393 | D:1      | Found a faded altar of an unknown god.
   424 | D:1      | Prayed at the altar of an unknown god.
   424 | D:1      | Became a worshipper of Yredelemnul the Dark
   424 | D:1      | Reached * piety under Yredelemnul
   552 | D:1      | Reached XP level 2. HP: 12/12 MP: 6/6
   964 | D:2      | Noticed Natasha
   987 | D:2      | Slain by Natasha

Illustrated notes

Levels and vault maps discovered:
D:1:      nicolae_arrival_memento_mori, layout_basic,
          shapermc_ecumenical_altar_flowoftime
D:2:      layout_rooms, chequers_arboretum, uniq_robin, uniq_natasha

Skill      XL: |  1 |
---------------+----+-----
Conjurations   | 1 |  1.0
Fighting       | |  0.8
Dodging        | |  2.8
Stealth        | |  2.6
Unarmed Combat | |  0.4
Spellcasting   | |  2.1
Fire Magic     | |  2.8

Action                     || total
---------------------------++-------
  Melee: Unarmed           ||    23
         Bite              ||     2
         Punch             ||     1
   Cast: Foxfire           ||    15
 Invoke: Recall Undead Har ||     1
   Stab: Sleeping          ||     3
 Armour: Skin              ||     1
  Dodge: Dodged            ||     3
